 Dungeon Crawl Stone Soup version 0.29-a0-506-ga2e7fffb44 (webtiles) character file.

Game seed: 15858566081986528611

26 dolemite99 the Cudgeller (level 3, -3/23 HPs)
             Began as a Gargoyle Monk on May 29, 2022.
             Slain by Natasha (4 damage)
             ... on level 2 of the Dungeon.
             The game lasted 00:01:17 (1816 turns).

dolemite99 the Cudgeller (Gargoyle Monk)            Turns: 1816, Time: 00:01:17

Health: -3/23      AC:  5    Str: 16    XL:     3   Next: 8%
Magic:  3/3        EV: 12    Int: 10    God:
Gold:   81         SH:  0    Dex: 12    Spells: 2/2 levels left

rFire   . . .      SeeInvis .   a - +0 mace
rCold   . . .      Faith    .   (no shield)
rNeg    + + .      Spirit   .   f - +0 robe
rPois   ∞          Reflect  .   (no helmet)
rElec   +          Harm     .   (no cloak)
rCorr   .          Rampage  .   (no gloves)
Will    .....                   (no boots)
Stlth   ++........              (no amulet)
HPRegen 0.07/turn               k - ring of positive energy
MPRegen 0.08/turn               (no ring)

@: mighty, flying
A: sickness immunity, AC +3, negative energy resistance 1, electricity
resistance, torment resistance 1, petrification resistance
a: no special abilities


You were on level 2 of the Dungeon.
You visited 1 branch of the dungeon, and saw 2 of its levels.

You collected 81 gold pieces.

Inventory:

Hand Weapons
 a - a +0 mace (weapon)
 b - a +0 hunting sling
Missiles
 o - 5 javelins
Armour
 d - a +0 helmet
 f - a +0 robe (worn)
Jewellery
 i - a ring of flight
 k - a ring of positive energy (left hand)
 m - an amulet of guardian spirit
Scrolls
 e - a scroll of teleportation {unknown}
 h - a scroll of fear {unknown}
 l - a scroll of magic mapping {unknown}
 n - a scroll of identify {unknown}
Potions
 c - a potion of ambrosia


   Skills:
 - Level 3.2 Fighting
 + Level 4.1 Maces & Flails
 - Level 2.4 Dodging
 - Level 2.1 Stealth


You had 2 spell levels left.
You didn't know any spells.
Your spell library was empty.

Dungeon Overview and Level Annotations

Branches:
Dungeon (2/15)

Altars:

Annotations:
D:2 Natasha


Innate Abilities, Weirdness & Mutations

You are immune to sickness and miasma.
Your stone body is resilient. (AC +3)
You are immune to poison.
You resist negative energy. (rN+)
You are resistant to electric shocks. (rElec)
You are resistant to unholy torment.
You are immune to petrification.


Message History

The bat hits you.
You shoot a sling bullet. The sling bullet misses the bat.
The bat misses you. The bat hits you.
You shoot a sling bullet. The sling bullet misses the bat.
The bat barely misses you. The bat closely misses you.
Natasha extends her claws.
Natasha casts a spell.
You shoot a sling bullet. The sling bullet hits the bat.
The bat is severely wounded.
The bat barely misses you. x3
You shoot a sling bullet. The sling bullet barely misses the bat.
The sling bullet hits the iron imp.
The iron imp is lightly wounded.
The bat hits you but does no damage. Natasha claws you but does no damage.
You shoot a sling bullet. The sling bullet misses Natasha.
The bat hits you but does no damage. Natasha claws you! x2
The bat misses you.
a - a +0 mace (weapon)
The bat misses you. The iron imp completely misses you.
You barely miss Natasha. The bat closely misses you. The bat barely misses you.
Natasha claws you but does no damage. x2; The bat closely misses you.
You closely miss Natasha. The bat hits you but does no damage.
The iron imp barely misses you.
Natasha stares at you and mumbles some strange words.
You resist with significant effort.
You sock Natasha!
Natasha is heavily wounded.
The iron imp hits you.
* * * LOW HITPOINT WARNING * * *
Natasha closely misses you.
It was a potion of might.
You feel very mighty all of a sudden. The iron imp barely misses you.
Natasha closely misses you.
It was a potion of flight.
You feel very buoyant.
You fly up into the air.
Natasha closely misses you. The iron imp misses you.
You hit Natasha.
Natasha is heavily wounded.
Natasha claws you.
You die...

...............
.......#
............... ..
#...) .....h.........
##.#.#..
...............
.........
........######
.........
.............####
.........
##########b.....#
........# #5h....#
......### #@.....#
##....# # #......#
#....# #
##......####....###
...................##
.....................
#................(..##
#####...............#
#...............#
#...............#


You could see an iron imp (summoned), Natasha and a bat.

Vanquished Creatures
  4 endoplasms
  2 giant cockroaches (D:1)
  2 hobgoblins (D:1)
  4 jackals (D:1)
  A kobold (D:1)
  A quokka (D:1)
  A ball python (D:2)
  3 bats
  2 frilled lizards (D:1)
  2 rats (D:1)
22 creatures vanquished.

Notes
Turn   | Place    | Note
-------+----------+-------------------------------------------
     0 | D:1      | dolemite99 the Gargoyle Monk began the quest for the Orb.
     0 | D:1      | Reached XP level 1. HP: 14/14 MP: 1/1
   352 | D:1      | Reached XP level 2. HP: 7/19 MP: 2/2
  1017 | D:1      | Reached skill level 4 in Maces & Flails
  1682 | D:2      | Reached XP level 3. HP: 23/23 MP: 3/3
  1791 | D:2      | Noticed Natasha
  1813 | D:2      | HP: 1/23 [iron imp[Natasha] (6)]
  1816 | D:2      | Slain by Natasha

Illustrated notes

Levels and vault maps discovered:
D:1:      amcnicky_arrival_underground_garden, layout_loops_cross, minivault_26,
          minmay_misc_feat_iff, minmay_fountain_box, minmay_misc_feat_room
D:2:      layout_basic, dreamdust_ecumenical_altar_grove, minivault_11,
          uniq_natasha

Skill      XL: |  1  2 |
---------------+-------+-----
Maces & Flails | 4 |  4.1
Fighting       | |  3.2
Dodging        | |  2.4
Stealth        | |  2.1

Action                   || total
-------------------------++-------
Melee: Mace              ||    97
       Punch             ||     1
 Fire: Hunting sling     ||    13
  Use: Scroll            ||     1
       Potion            ||     2
 Stab: Sleeping          ||     2
Armor: Robe              ||    47
Dodge: Dodged            ||   104

Table legend: (Time is in decaauts)
 A = Elapsed time spent in this place.
 B = Non-inter-level travel time spent in this place.
 C = Inter-level travel time spent in this place.
 D = Time resting spent in this place.
 E = Time spent auto-exploring this place.
 F = Levels seen in this place.
 G = Mean time per level.
                   A        B        C        D        E       F      G
               +--------+--------+--------+--------+--------+-----+--------+
         Total |   1842 |   1809 |     33 |    599 |    914 |   2 |  921.0 |
       Dungeon |   1842 |   1809 |     33 |    599 |    914 |   2 |  921.0 |
               +--------+--------+--------+--------+--------+-----+--------+

Top non-repeatable levels by time:
     D:1: 1456 daAuts
     D:2: 385 daAuts
